Blue Jackets vs Penguins
(R1)
Created - 21 novembre 2012 at 23:16
Goals
|
| Blue Jackets |
1 |
1 |
1 |
0 |
0 |
3 |
| Penguins |
1 |
1 |
1 |
0 |
1 |
4 |
|
Shots
|
| Blue Jackets |
7 |
13 |
11 |
0 |
4 |
31 |
| Penguins |
17 |
9 |
12 |
1 |
4 |
39 |
|
1st period
1. Penguins , Steve Staios 1 (Ryan Kesler) at 1:53 (PP)
2. Blue Jackets , Vincent Lecavalier 2 (David Booth, Derek Morris) at 6:34
Penalties :
Andrew Ebbett (Clb) for Hooking (Minor) at 1:51, Ted Purcell (Pit) for Holding (Minor) at 7:35, Carlo Colaiacovo (Pit) for Roughing (Minor) at 10:11, Jay Harrison (Clb) for Roughing (Minor) at 15:39
2nd period
3. Penguins , Fredrik Sjostrom 2 (Ted Purcell, Marc-Édouard Vlasic) at 7:26
4. Blue Jackets , Kristian Huselius 2 (Ales Kotalik) at 15:22 (PP)
Penalties :
Jussi Jokinen (Pit) for Cross-checking (Minor) at 2:47, Zigmund Palffy (Pit) for Interference (Minor) at 7:35, Richard Jackman (Clb) for Cross-checking (Minor) at 7:35, Andrew Ebbett (Clb) for Tripping (Minor) at 11:05, Zigmund Palffy (Pit) for Roughing (Minor) at 14:10, Jay McKee (Clb) for Tripping (Minor) at 15:36, Richard Jackman (Clb) for Interference (Minor) at 18:03
3rd period
5. Blue Jackets , David Booth 1 (Jay McKee, Vincent Lecavalier) at 8:42
6. Penguins , Ryan Kesler 2 (Zigmund Palffy) at 15:49
Penalties :
Zigmund Palffy (Pit) for Hooking (Minor) at 2:51, Oleg Kvasha (Pit) for Hooking (Minor) at 10:43, Ted Purcell (Pit) for Tripping (Minor) at 15:45, Vincent Lecavalier (Clb) for Roughing (Minor) at 15:45
Overtime #1
No Goal
Penalties :
No Penalty
Shootout
Penalty Shot by Vincent Lecavalier for Blue Jackets - Stopped by Brian Elliott
Penalty Shot by Ryan Kesler for Penguins - Stopped by Jaroslav Halak
Penalty Shot by David Booth for Blue Jackets - Shot Misses the Net
Penalty Shot by Zigmund Palffy for Penguins - Stopped by Jaroslav Halak
Penalty Shot by Pavol Demitra for Blue Jackets - Stopped by Brian Elliott
Penalty Shot by Oleg Kvasha for Penguins - Stopped by Jaroslav Halak
Penalty Shot by Kristian Huselius for Blue Jackets - Stopped by Brian Elliott
Penalty Shot by Darren Reid for Penguins - Goal!
Penalties :
No Penalty
Goalie Stats
Jaroslav Halak (Clb), 36 saves from 39 shots - (0,923), OTL, 0-0-1, 65:00 minutes
Brian Elliott (Pit), 28 saves from 31 shots - (0,903), W, 1-1-0, 65:00 minutes
Players Stats for Blue Jackets
Player Name G A P +/- PIM S H SB GA TA FO MP PP MP PK MP
------------------------------------------------------------------------------------
Ales Kotalik 0 1 1 0 0 1 0 0 0 1 0/2 16:27 4:58 2:28
Andrew Ebbett 0 0 0 -1 4 2 1 1 0 0 8/19 19:27 4:58 1:38
Chris Kelly 0 0 0 0 0 2 0 0 0 0 5/6 10:34 0:23 0:00
David Booth 1 1 2 1 0 3 4 0 0 0 2/2 27:56 5:46 4:32
Derek Morris 0 1 1 0 0 0 0 0 0 0 0/0 29:51 6:12 3:04
Greg Campbell 0 0 0 0 0 2 0 0 0 0 1/2 5:21 0:00 0:00
Jason Ward 0 0 0 0 0 0 0 0 0 0 1/1 6:05 0:23 0:00
Jay Harrison 0 0 0 1 2 0 0 0 0 0 0/0 15:41 0:14 2:18
Jay McKee 0 1 1 0 2 0 1 3 0 3 0/0 28:45 4:41 3:52
Justin Williams 0 0 0 0 0 1 1 0 2 0 1/2 9:58 0:00 1:54
Kristian Huselius 1 0 1 -1 0 6 3 0 0 0 0/0 17:11 4:58 0:55
Martin Skoula 0 0 0 1 0 0 0 0 0 1 0/0 10:16 0:14 0:00
Nick Boynton 0 0 0 -1 0 0 3 3 0 0 0/0 26:24 6:12 4:55
Pavol Demitra 0 0 0 1 0 3 3 0 1 0 2/2 21:41 5:46 0:00
Richard Jackman 0 0 0 -1 4 3 0 2 1 0 0/0 19:32 4:41 1:47
Sergei Brylin 0 0 0 0 0 1 2 0 0 0 1/1 7:31 0:23 0:00
Steven Reinprecht 0 0 0 0 0 2 2 0 0 0 0/0 8:01 0:00 0:00
Vincent Lecavalier 1 1 2 1 2 5 0 1 1 0 14/38 27:16 5:46 4:29
Players Stats for Penguins
Player Name G A P +/- PIM S H SB GA TA FO MP PP MP PK MP
------------------------------------------------------------------------------------
Andy Sutton 0 0 0 0 0 1 3 2 0 1 0/0 31:23 4:07 6:30
Carlo Colaiacovo 0 0 0 0 2 0 0 1 0 0 0/0 10:08 0:00 0:00
Dan Hamhuis 0 0 0 0 0 0 2 2 1 1 0/0 23:35 3:51 4:37
Darcy Tucker 0 0 0 0 0 0 1 0 0 0 0/0 5:15 0:00 0:00
Darren Reid 0 0 0 -2 0 6 3 0 0 1 2/3 19:38 3:42 2:58
Fredrik Sjostrom 1 0 1 1 0 2 1 0 0 0 0/0 13:57 0:00 2:33
Jussi Jokinen 0 0 0 -2 2 4 1 0 1 0 0/0 15:32 3:42 0:29
Marc-Édouard Vlasic 0 1 1 0 0 1 0 0 1 0 0/0 10:02 0:00 0:00
Oleg Kvasha 0 0 0 -2 2 4 4 0 0 0 5/12 19:22 3:42 2:43
Ruslan Fedotenko 0 0 0 0 0 0 0 0 0 0 2/3 10:21 0:00 2:47
Ryan Kesler 1 1 2 1 0 6 3 1 0 0 26/46 26:25 4:16 6:21
Steve Staios 1 0 1 0 0 3 4 2 0 2 0/0 31:23 4:07 6:30
T.J. Hensick 0 0 0 0 0 1 0 0 0 0 0/1 5:00 0:00 0:08
Taylor Pyatt 0 0 0 0 0 1 3 1 1 0 2/2 16:17 4:16 0:00
Ted Purcell 0 1 1 1 4 2 1 0 0 0 0/0 8:26 0:00 0:00
Tom Preissing 0 0 0 0 0 3 1 1 0 0 0/0 23:35 3:51 4:37
Tuomo Ruutu 0 0 0 1 0 2 1 1 0 0 3/7 11:06 0:00 0:00
Zigmund Palffy 0 1 1 1 6 3 2 0 1 0 0/1 23:22 4:16 4:15
3 Stars
1 - David Booth (Clb)
2 - Ryan Kesler (Pit)
3 - Steve Staios (Pit)
Power Play
Blue Jackets - 1 on 6 Attempt(s) - 16,67%
Penguins - 1 on 5 Attempt(s) - 20,00%
Penalty Kill
Blue Jackets - 4 on 5 Attempt(s) - 80,00%
- Score 0 goal in Penalty Kill
Penguins - 5 on 6 Attempt(s) - 83,33%
- Score 0 goal in Penalty Kill
Official
Referees : Marouelli Dan and VanMassenhoven Don
Linesman : Mark Wheler and Scott Cherrey
Game Notes
No Game Note
Finance
Level 1 -- Attendance: 5468 (91,13%) -- Ticket Income 492 120 $
Level 2 -- Attendance: 5000 (100,00%) -- Ticket Income 275 000 $
Level 3 -- Attendance: 2000 (100,00%) -- Ticket Income 70 000 $
Level 4 -- Attendance: 3609 (90,23%) -- Ticket Income 72 180 $
Luxury Box -- Attendance: 514 (51,40%) -- Ticket Income 154 200 $
Game was played at the Igloo
Total Attendance: 16591 (92,17%)
Total Ticket Income: 1 063 500 $
Total Income: 1 063 500 $
Blue Jackets
5 vs 5 Forward
Center Left Wing Right Wing Time % Phy DF OF
1 Vincent Lecavalier David Booth Pavol Demitra 40 1 2 2
2 Andrew Ebbett Kristian Huselius Ales Kotalik 30 1 2 2
3 Chris Kelly Steven Reinprecht Justin Williams 20 1 2 2
4 Greg Campbell Sergei Brylin Jason Ward 10 1 2 2
5 vs 5 Defense
Defense Defense Time % Phy DF OF
1 Jay McKee Derek Morris 40 1 2 2
2 Richard Jackman Nick Boynton 30 1 2 2
3 Jay Harrison Martin Skoula 20 1 2 2
4 Derek Morris Jay McKee 10 1 2 2
PowerPlay Forward
Center Left Wing Right Wing Time % Phy DF OF
1 Vincent Lecavalier David Booth Pavol Demitra 60 1 2 2
2 Andrew Ebbett Kristian Huselius Ales Kotalik 40 1 2 2
PowerPlay Defense
Defense Defense Time % Phy DF OF
1 Nick Boynton Derek Morris 60 1 2 2
2 Richard Jackman Jay McKee 40 1 2 2
Penalty Kill 4 Players Forward
Center Wing Time % Phy DF OF
1 Vincent Lecavalier David Booth 60 1 2 2
2 Andrew Ebbett Ales Kotalik 40 1 2 2
Penalty Kill 4 Players Defense
Defense Defense Time % Phy DF OF
1 Jay McKee Nick Boynton 60 1 2 2
2 Jay Harrison Derek Morris 40 1 2 2
Penalty Kill - 3 Players Forward
Forward Time % Phy DF OF
1 Vincent Lecavalier 60 1 2 2
2 Andrew Ebbett 40 1 2 2
Penalty Kill - 3 Players Defense
Defense Defense Time % Phy DF OF
1 Derek Morris Jay McKee 60 1 2 2
2 Nick Boynton Richard Jackman 40 1 2 2
4 vs 4 Forward
Center Wing Time % Phy DF OF
1 Vincent Lecavalier David Booth 60 1 2 2
2 Andrew Ebbett Pavol Demitra 40 1 2 2
4 vs 4 Defense
Defense Defense Time % Phy DF OF
1 Jay McKee Derek Morris 60 1 2 2
2 Jay Harrison Nick Boynton 40 1 2 2
Last Minutes Offensive
Center Left Wing Right Wing Defense Defense
Vincent Lecavalier David Booth Pavol Demitra Derek Morris Jay McKee
Last Minutes Defensive
Center Left Wing Right Wing Defense Defense
Vincent Lecavalier Sergei Brylin Pavol Demitra Derek Morris Jay McKee
Goaltenders
Starting : Jaroslav Halak
Backup : Brent Johnson
Extra Forwards
Normal : Andrew Ebbett, Vincent Lecavalier, Pavol Demitra - PP : Kristian Huselius, Ales Kotalik - PK : Justin Williams
Extra Defensemen
Normal : Martin Skoula, Jay McKee, Derek Morris - PP : Nick Boynton - PK : Richard Jackman, Jay Harrison
Penalty Shots
Vincent Lecavalier, David Booth, Pavol Demitra, Kristian Huselius, Andrew Ebbett
Penguins
5 vs 5 Forward
Center Left Wing Right Wing Time % Phy DF OF
1 Ryan Kesler Taylor Pyatt Zigmund Palffy 40 1 2 2
2 Oleg Kvasha Jussi Jokinen Darren Reid 30 1 2 2
3 Tuomo Ruutu Fredrik Sjostrom Ted Purcell 20 1 2 2
4 T.J. Hensick Ruslan Fedotenko Darcy Tucker 10 1 2 2
5 vs 5 Defense
Defense Defense Time % Phy DF OF
1 Steve Staios Andy Sutton 40 1 2 2
2 Dan Hamhuis Tom Preissing 30 1 2 2
3 Carlo Colaiacovo Marc-Édouard Vlasic 20 1 2 2
4 Steve Staios Andy Sutton 10 1 2 2
PowerPlay Forward
Center Left Wing Right Wing Time % Phy DF OF
1 Ryan Kesler Taylor Pyatt Zigmund Palffy 60 1 2 2
2 Oleg Kvasha Jussi Jokinen Darren Reid 40 1 2 2
PowerPlay Defense
Defense Defense Time % Phy DF OF
1 Steve Staios Andy Sutton 60 1 2 2
2 Dan Hamhuis Tom Preissing 40 1 2 2
Penalty Kill 4 Players Forward
Center Wing Time % Phy DF OF
1 Ryan Kesler Zigmund Palffy 60 1 2 2
2 Oleg Kvasha Darren Reid 40 1 2 2
Penalty Kill 4 Players Defense
Defense Defense Time % Phy DF OF
1 Steve Staios Andy Sutton 60 1 2 2
2 Dan Hamhuis Tom Preissing 40 1 2 2
Penalty Kill - 3 Players Forward
Forward Time % Phy DF OF
1 Ryan Kesler 60 1 2 2
2 Zigmund Palffy 40 1 2 2
Penalty Kill - 3 Players Defense
Defense Defense Time % Phy DF OF
1 Steve Staios Andy Sutton 60 1 2 2
2 Dan Hamhuis Tom Preissing 40 1 2 2
4 vs 4 Forward
Center Wing Time % Phy DF OF
1 Ryan Kesler Zigmund Palffy 60 1 2 2
2 Oleg Kvasha Darren Reid 40 1 2 2
4 vs 4 Defense
Defense Defense Time % Phy DF OF
1 Steve Staios Andy Sutton 60 1 2 2
2 Dan Hamhuis Tom Preissing 40 1 2 2
Last Minutes Offensive
Center Left Wing Right Wing Defense Defense
Ryan Kesler Taylor Pyatt Zigmund Palffy Steve Staios Andy Sutton
Last Minutes Defensive
Center Left Wing Right Wing Defense Defense
Ryan Kesler Taylor Pyatt Zigmund Palffy Steve Staios Andy Sutton
Goaltenders
Starting : Brian Elliott
Backup : Sebastien Caron
Extra Forwards
Normal : Tuomo Ruutu, Fredrik Sjostrom, Ruslan Fedotenko - PP : Tuomo Ruutu, Fredrik Sjostrom - PK : Ruslan Fedotenko
Extra Defensemen
Normal : Carlo Colaiacovo, Marc-Édouard Vlasic, Dan Hamhuis - PP : Carlo Colaiacovo - PK : Marc-Édouard Vlasic, Dan Hamhuis
Penalty Shots
Ryan Kesler, Zigmund Palffy, Oleg Kvasha, Darren Reid, Taylor Pyatt
% Time on Ice - Blue Jackets
Lines # - Real PCT - Wanted PCT - Time Play
Normal Forward
1 - 41% - 40% - 15:04
2 - 23% - 30% - 8:31
3 - 22% - 20% - 8:01
4 - 14% - 10% - 5:21
Normal Defense
1 - 42% - 40% - 15:25
2 - 32% - 30% - 11:54
3 - 24% - 20% - 8:53
4 - 2% - 10% - 0:45
PP Forward
1 - 55% - 60% - 6:09
2 - 45% - 40% - 4:58
PP Defense
1 - 58% - 60% - 6:26
2 - 42% - 40% - 4:41
PK Forward
1 - 69% - 60% - 5:30
2 - 31% - 40% - 2:28
PK Defense
1 - 65% - 60% - 5:13
2 - 35% - 40% - 2:45
PK3 Forward
1 - 0% - 60%
2 - 0% - 40%
PK3 Defense
1 - 0% - 60%
2 - 0% - 40%
44 Forward
1 - 91% - 60% - 8:07
2 - 9% - 40% - 0:51
44 Defense
1 - 53% - 60% - 4:46
2 - 47% - 40% - 4:12
Last Minute Offensive - 0:00
Last Minute Defensive - 0:00
Total
Forward - 65:00
Defense - 65:00
|
% Time on Ice - Penguins
Lines # - Real PCT - Wanted PCT - Time Play
Normal Forward
1 - 35% - 40% - 13:07
2 - 30% - 30% - 11:05
3 - 21% - 20% - 7:53
4 - 13% - 10% - 4:52
Normal Defense
1 - 42% - 40% - 15:42
2 - 30% - 30% - 11:10
3 - 25% - 20% - 9:25
4 - 2% - 10% - 0:40
PP Forward
1 - 54% - 60% - 4:16
2 - 46% - 40% - 3:42
PP Defense
1 - 52% - 60% - 4:07
2 - 48% - 40% - 3:51
PK Forward
1 - 73% - 60% - 8:09
2 - 27% - 40% - 2:58
PK Defense
1 - 58% - 60% - 6:30
2 - 42% - 40% - 4:37
PK3 Forward
1 - 0% - 60%
2 - 0% - 40%
PK3 Defense
1 - 0% - 60%
2 - 0% - 40%
44 Forward
1 - 79% - 60% - 7:05
2 - 21% - 40% - 1:53
44 Defense
1 - 56% - 60% - 5:01
2 - 44% - 40% - 3:57
Last Minute Offensive - 0:00
Last Minute Defensive - 0:00
Total
Forward - 65:00
Defense - 65:00
|
Play by Play
1st period
0:01 of 1st period - Ryan Kesler wins face-off versus Vincent Lecavalier in neutral zone.
0:14 of 1st period - Wrist shot by Vincent Lecavalier.
0:14 of 1st period - Shot Misses the Net.
0:16 of 1st period - Snap shot by Vincent Lecavalier.
0:16 of 1st period - Shot Blocked by Steve Staios.
0:31 of 1st period - Wrist shot by Oleg Kvasha.
0:31 of 1st period - Shot Misses the Net.
0:33 of 1st period - Wrist shot by Jussi Jokinen.
0:33 of 1st period - Stopped by Jaroslav Halak with a rebound.
0:35 of 1st period - Slapshot by Andy Sutton.
0:35 of 1st period - Shot Blocked by Andrew Ebbett.
0:37 of 1st period - Wrist shot by Oleg Kvasha.
0:37 of 1st period - Shot Misses the Net.
0:39 of 1st period - Backhand shot by Oleg Kvasha.
0:39 of 1st period - Stopped by Jaroslav Halak without a rebound.
0:40 of 1st period - Chris Kelly wins face-off versus Tuomo Ruutu in Blue Jackets zone.
0:46 of 1st period - Icing by Tuomo Ruutu.
0:47 of 1st period - Chris Kelly wins face-off versus Tuomo Ruutu in Penguins zone.
0:48 of 1st period - Snap shot by Justin Williams.
0:48 of 1st period - Stopped by Brian Elliott with a rebound.
0:56 of 1st period - Ted Purcell is hit by Nick Boynton and loses puck.
1:21 of 1st period - Wrist shot by David Booth.
1:21 of 1st period - Shot Blocked by Dan Hamhuis.
1:23 of 1st period - Slapshot by Richard Jackman.
1:23 of 1st period - Stopped by Brian Elliott without a rebound.
1:24 of 1st period - Greg Campbell wins face-off versus Ryan Kesler in Penguins zone.
1:46 of 1st period - Icing by Marc-Édouard Vlasic.
1:47 of 1st period - Andrew Ebbett wins face-off versus Oleg Kvasha in Penguins zone.
1:48 of 1st period - Wrist shot by Kristian Huselius.
1:48 of 1st period - Stopped by Brian Elliott with a rebound.
1:50 of 1st period - Snap shot by Andrew Ebbett.
1:50 of 1st period - Shot Misses the Net.
1:51 of 1st period - Minor Penalty to Andrew Ebbett for Hooking.
1:52 of 1st period - Ryan Kesler wins face-off versus Vincent Lecavalier in Blue Jackets zone.
1:53 of 1st period - Slapshot by Steve Staios.
1:53 of 1st period - Goal by Steve Staios - Blue Jackets : 0 - Penguins : 1.
1:54 of 1st period - Darren Reid wins face-off versus Vincent Lecavalier in neutral zone.
1:57 of 1st period - Wrist shot by Jussi Jokinen.
1:57 of 1st period - Stopped by Jaroslav Halak with a rebound.
1:59 of 1st period - Snap shot by Jussi Jokinen.
1:59 of 1st period - Shot Misses the Net.
2:01 of 1st period - Wrist shot by Jussi Jokinen.
2:01 of 1st period - Shot Misses the Net.
2:03 of 1st period - Snap shot by Steve Staios.
2:03 of 1st period - Stopped by Jaroslav Halak without a rebound.
2:04 of 1st period - Vincent Lecavalier wins face-off versus Oleg Kvasha in Blue Jackets zone.
2:04 of 1st period - Vincent Lecavalier is hit by Andy Sutton.
2:17 of 1st period - Snap shot by Jussi Jokinen.
2:17 of 1st period - Stopped by Jaroslav Halak with a rebound.
2:33 of 1st period - Wrist shot by Darren Reid.
2:33 of 1st period - Stopped by Jaroslav Halak without a rebound.
2:34 of 1st period - Ryan Kesler wins face-off versus Ales Kotalik in Blue Jackets zone.
3:24 of 1st period - T.J. Hensick is hit by Pavol Demitra and loses puck.
3:42 of 1st period - Off-side.
3:43 of 1st period - Ryan Kesler wins face-off versus Andrew Ebbett in neutral zone.
3:45 of 1st period - Off-side.
3:46 of 1st period - Ryan Kesler wins face-off versus Andrew Ebbett in neutral zone.
3:49 of 1st period - Snap shot by Taylor Pyatt.
3:49 of 1st period - Stopped by Jaroslav Halak with a rebound.
3:51 of 1st period - Snap shot by Ryan Kesler.
3:51 of 1st period - Stopped by Jaroslav Halak without a rebound.
3:52 of 1st period - Andrew Ebbett wins face-off versus Ryan Kesler in Blue Jackets zone.
3:56 of 1st period - Off-side.
3:57 of 1st period - Andrew Ebbett wins face-off versus Ryan Kesler in neutral zone.
4:02 of 1st period - Snap shot by Ryan Kesler.
4:02 of 1st period - Shot Misses the Net.
4:04 of 1st period - Slapshot by Taylor Pyatt.
4:04 of 1st period - Shot Blocked by Nick Boynton.
4:06 of 1st period - Wrist shot by Zigmund Palffy.
4:06 of 1st period - Stopped by Jaroslav Halak without a rebound.
4:07 of 1st period - Sergei Brylin wins face-off versus Ryan Kesler in Blue Jackets zone.
4:56 of 1st period - Wrist shot by Fredrik Sjostrom.
4:56 of 1st period - Shot Misses the Net.
5:12 of 1st period - Jay McKee is hit by Taylor Pyatt and loses puck.
5:21 of 1st period - Slapshot by Ryan Kesler.
5:21 of 1st period - Stopped by Jaroslav Halak without a rebound.
5:22 of 1st period - Oleg Kvasha wins face-off versus Vincent Lecavalier in Blue Jackets zone.
5:37 of 1st period - Slapshot by Oleg Kvasha.
5:37 of 1st period - Deflect By Darren Reid.
5:37 of 1st period - Stopped by Jaroslav Halak with a rebound.
5:53 of 1st period - Wrist shot by Ryan Kesler.
5:53 of 1st period - Stopped by Jaroslav Halak without a rebound.
5:54 of 1st period - Chris Kelly wins face-off versus Zigmund Palffy in Blue Jackets zone.
6:26 of 1st period - Wrist shot by Marc-Édouard Vlasic.
6:26 of 1st period - Stopped by Jaroslav Halak with a rebound.
6:34 of 1st period - Snap shot by Vincent Lecavalier.
6:34 of 1st period - Goal by Vincent Lecavalier - Blue Jackets : 1 - Penguins : 1.
6:35 of 1st period - Andrew Ebbett wins face-off versus Ryan Kesler in neutral zone.
6:38 of 1st period - Taylor Pyatt is hit by Kristian Huselius.
6:41 of 1st period - Off-side.
6:42 of 1st period - Andrew Ebbett wins face-off versus Ryan Kesler in neutral zone.
7:04 of 1st period - Icing by Andrew Ebbett.
7:05 of 1st period - Oleg Kvasha wins face-off versus Vincent Lecavalier in Blue Jackets zone.
7:35 of 1st period - Minor Penalty to Ted Purcell for Holding.
7:36 of 1st period - Ryan Kesler wins face-off versus Vincent Lecavalier in Penguins zone.
8:25 of 1st period - Off-side.
8:26 of 1st period - Andrew Ebbett wins face-off versus Ryan Kesler in neutral zone.
8:41 of 1st period - Wrist shot by Andrew Ebbett.
8:41 of 1st period - Shot Blocked by Ryan Kesler.
9:35 of 1st period - Penalty to Ted Purcell is over, Ted Purcell is back on ice.
9:46 of 1st period - Nick Boynton is hit by Ted Purcell and loses puck.
9:59 of 1st period - Marc-Édouard Vlasic is hit by Nick Boynton and loses puck.
10:11 of 1st period - Minor Penalty to Carlo Colaiacovo for Roughing.
10:12 of 1st period - Ryan Kesler wins face-off versus Andrew Ebbett in Penguins zone.
10:12 of 1st period - Ryan Kesler is hit by Andrew Ebbett.
11:06 of 1st period - Richard Jackman is hit by Zigmund Palffy and loses puck.
11:47 of 1st period - Nick Boynton is hit by Oleg Kvasha.
12:11 of 1st period - Penalty to Carlo Colaiacovo is over, Carlo Colaiacovo is back on ice.
12:28 of 1st period - Tuomo Ruutu is hit by Steven Reinprecht and loses puck.
14:12 of 1st period - Nick Boynton is hit by Steve Staios and loses puck.
14:19 of 1st period - Steve Staios is hit by Sergei Brylin and loses puck.
15:06 of 1st period - Jay Harrison is hit by Oleg Kvasha and loses puck.
15:23 of 1st period - Wrist shot by Vincent Lecavalier.
15:23 of 1st period - Stopped by Brian Elliott with a rebound.
15:29 of 1st period - Vincent Lecavalier is hit by Darcy Tucker and loses puck.
15:39 of 1st period - Minor Penalty to Jay Harrison for Roughing.
15:40 of 1st period - Ryan Kesler wins face-off versus Vincent Lecavalier in Blue Jackets zone.
16:26 of 1st period - Icing by Zigmund Palffy.
16:27 of 1st period - Ryan Kesler wins face-off versus Justin Williams in Penguins zone.
16:36 of 1st period - Snap shot by Taylor Pyatt.
16:36 of 1st period - Shot Misses the Net.
16:38 of 1st period - Wrist shot by Taylor Pyatt.
16:38 of 1st period - Shot Misses the Net.
16:40 of 1st period - Slapshot by Tom Preissing.
16:40 of 1st period - Deflect By Kristian Huselius.
16:40 of 1st period - Stopped by Jaroslav Halak without a rebound.
16:41 of 1st period - Vincent Lecavalier wins face-off versus Oleg Kvasha in Blue Jackets zone.
17:14 of 1st period - Slapshot by Ryan Kesler.
17:14 of 1st period - Stopped by Jaroslav Halak with a rebound.
17:16 of 1st period - Slapshot by Tom Preissing.
17:16 of 1st period - Stopped by Jaroslav Halak with a rebound.
17:39 of 1st period - Penalty to Jay Harrison is over, Jay Harrison is back on ice.
17:46 of 1st period - Snap shot by Derek Morris.
17:46 of 1st period - Shot Misses the Net.
18:12 of 1st period - Slapshot by Andy Sutton.
18:12 of 1st period - Shot Misses the Net.
19:27 of 1st period - Slapshot by Chris Kelly.
19:27 of 1st period - Shot Misses the Net.
19:39 of 1st period - Wrist shot by Kristian Huselius.
19:39 of 1st period - Stopped by Brian Elliott with a rebound.
19:41 of 1st period - Slapshot by Ales Kotalik.
19:41 of 1st period - Shot Misses the Net.
19:43 of 1st period - Wrist shot by Kristian Huselius.
19:43 of 1st period - Stopped by Brian Elliott without a rebound.
19:44 of 1st period - Vincent Lecavalier wins face-off versus Oleg Kvasha in Penguins zone.
19:59 of 1st period - Slapshot by Marc-Édouard Vlasic.
19:59 of 1st period - Shot Misses the Net.
2nd period
0:01 of 2nd period - Ryan Kesler wins face-off versus Vincent Lecavalier in neutral zone.
0:08 of 2nd period - Wrist shot by Taylor Pyatt.
0:08 of 2nd period - Shot Misses the Net.
0:36 of 2nd period - Snap shot by Darren Reid.
0:36 of 2nd period - Stopped by Jaroslav Halak without a rebound.
0:37 of 2nd period - Ryan Kesler wins face-off versus Andrew Ebbett in Blue Jackets zone.
0:44 of 2nd period - Slapshot by Zigmund Palffy.
0:44 of 2nd period - Shot Blocked by Nick Boynton.
1:11 of 2nd period - Wrist shot by Oleg Kvasha.
1:11 of 2nd period - Stopped by Jaroslav Halak without a rebound.
1:12 of 2nd period - Vincent Lecavalier wins face-off versus Ryan Kesler in Blue Jackets zone.
1:47 of 2nd period - Off-side.
1:48 of 2nd period - Vincent Lecavalier wins face-off versus Oleg Kvasha in neutral zone.
1:51 of 2nd period - Wrist shot by Vincent Lecavalier.
1:51 of 2nd period - Stopped by Brian Elliott without a rebound.
1:52 of 2nd period - Oleg Kvasha wins face-off versus Vincent Lecavalier in Penguins zone.
1:59 of 2nd period - Wrist shot by Pavol Demitra.
1:59 of 2nd period - Stopped by Brian Elliott without a rebound.
2:00 of 2nd period - Ryan Kesler wins face-off versus Vincent Lecavalier in Penguins zone.
2:00 of 2nd period - Ryan Kesler is hit by Pavol Demitra.
2:47 of 2nd period - Minor Penalty to Jussi Jokinen for Cross-checking.
2:48 of 2nd period - Vincent Lecavalier wins face-off versus Ryan Kesler in Penguins zone.
2:51 of 2nd period - Wrist shot by Pavol Demitra.
2:51 of 2nd period - Shot Blocked by Tom Preissing.
2:53 of 2nd period - Wrist shot by David Booth.
2:53 of 2nd period - Shot Blocked by Dan Hamhuis.
3:21 of 2nd period - Wrist shot by Kristian Huselius.
3:21 of 2nd period - Shot Misses the Net.
4:13 of 2nd period - David Booth is hit by Darren Reid and loses puck.
4:34 of 2nd period - Icing by Kristian Huselius.
4:35 of 2nd period - Ryan Kesler wins face-off versus Andrew Ebbett in Blue Jackets zone.
4:44 of 2nd period - Ales Kotalik is hit by Steve Staios and loses puck.
4:47 of 2nd period - Penalty to Jussi Jokinen is over, Jussi Jokinen is back on ice.
5:04 of 2nd period - Andrew Ebbett is hit by Darren Reid and loses puck.
5:19 of 2nd period - Snap shot by Jussi Jokinen.
5:19 of 2nd period - Stopped by Jaroslav Halak with a rebound.
5:21 of 2nd period - Snap shot by Darren Reid.
5:21 of 2nd period - Stopped by Jaroslav Halak with a rebound.
5:23 of 2nd period - Wrist shot by Oleg Kvasha.
5:23 of 2nd period - Shot Misses the Net.
5:25 of 2nd period - Snap shot by Oleg Kvasha.
5:25 of 2nd period - Stopped by Jaroslav Halak without a rebound.
5:26 of 2nd period - Taylor Pyatt wins face-off versus Vincent Lecavalier in Blue Jackets zone.
5:27 of 2nd period - Wrist shot by Ryan Kesler.
5:27 of 2nd period - Shot Misses the Net.
5:29 of 2nd period - Slapshot by Tom Preissing.
5:29 of 2nd period - Deflect By Taylor Pyatt.
5:29 of 2nd period - Shot Misses the Net.
5:29 of 2nd period - Puck is out of play.
5:30 of 2nd period - Pavol Demitra wins face-off versus Ryan Kesler in Blue Jackets zone.
6:26 of 2nd period - Snap shot by Darren Reid.
6:26 of 2nd period - Stopped by Jaroslav Halak with a rebound.
6:47 of 2nd period - Snap shot by Steven Reinprecht.
6:47 of 2nd period - Stopped by Brian Elliott without a rebound.
6:48 of 2nd period - Chris Kelly wins face-off versus Ryan Kesler in Penguins zone.
7:17 of 2nd period - Snap shot by Vincent Lecavalier.
7:17 of 2nd period - Deflect By David Booth.
7:17 of 2nd period - Shot Misses the Net.
7:17 of 2nd period - Puck is out of play.
7:18 of 2nd period - Tuomo Ruutu wins face-off versus Vincent Lecavalier in Penguins zone.
7:18 of 2nd period - Tuomo Ruutu is hit by Nick Boynton.
7:24 of 2nd period - Wrist shot by Ted Purcell.
7:24 of 2nd period - Shot Blocked by Nick Boynton.
7:26 of 2nd period - Snap shot by Fredrik Sjostrom.
7:26 of 2nd period - Goal by Fredrik Sjostrom - Blue Jackets : 1 - Penguins : 2.
7:27 of 2nd period - Taylor Pyatt wins face-off versus Vincent Lecavalier in neutral zone.
7:35 of 2nd period - Minor Penalty to Zigmund Palffy for Interference.
7:35 of 2nd period - Minor Penalty to Richard Jackman for Cross-checking.
7:36 of 2nd period - Vincent Lecavalier wins face-off versus Ryan Kesler in Blue Jackets zone.
7:43 of 2nd period - Snap shot by Vincent Lecavalier.
7:43 of 2nd period - Stopped by Brian Elliott with a rebound.
8:01 of 2nd period - Vincent Lecavalier is hit by Andy Sutton and loses puck.
9:07 of 2nd period - Wrist shot by Tom Preissing.
9:07 of 2nd period - Shot Misses the Net.
9:15 of 2nd period - Icing by Jussi Jokinen.
9:16 of 2nd period - Vincent Lecavalier wins face-off versus Ruslan Fedotenko in Penguins zone.
9:35 of 2nd period - Penalty to Zigmund Palffy is over, Zigmund Palffy is back on ice.
9:35 of 2nd period - Penalty to Richard Jackman is over, Richard Jackman is back on ice.
9:44 of 2nd period - Wrist shot by Chris Kelly.
9:44 of 2nd period - Stopped by Brian Elliott with a rebound.
9:46 of 2nd period - Snap shot by Justin Williams.
9:46 of 2nd period - Shot Misses the Net.
9:48 of 2nd period - Wrist shot by Justin Williams.
9:48 of 2nd period - Deflect By Steven Reinprecht.
9:48 of 2nd period - Shot Misses the Net.
9:48 of 2nd period - Puck is out of play.
9:49 of 2nd period - Andrew Ebbett wins face-off versus Ryan Kesler in Penguins zone.
10:15 of 2nd period - Icing by Ales Kotalik.
10:16 of 2nd period - Darren Reid wins face-off versus Chris Kelly in Blue Jackets zone.
10:40 of 2nd period - Wrist shot by Oleg Kvasha.
10:40 of 2nd period - Stopped by Jaroslav Halak without a rebound.
10:41 of 2nd period - David Booth wins face-off versus Ryan Kesler in Blue Jackets zone.
11:05 of 2nd period - Minor Penalty to Andrew Ebbett for Tripping.
11:06 of 2nd period - Ryan Kesler wins face-off versus Vincent Lecavalier in Blue Jackets zone.
11:38 of 2nd period - Icing by Jussi Jokinen.
11:39 of 2nd period - Justin Williams wins face-off versus Oleg Kvasha in Penguins zone.
11:40 of 2nd period - Snap shot by Ales Kotalik.
11:40 of 2nd period - Stopped by Brian Elliott with a rebound.
13:05 of 2nd period - Penalty to Andrew Ebbett is over, Andrew Ebbett is back on ice.
13:12 of 2nd period - Jason Ward is hit by Steve Staios and loses puck.
13:54 of 2nd period - Derek Morris is hit by Fredrik Sjostrom and loses puck.
14:01 of 2nd period - Slapshot by Steven Reinprecht.
14:01 of 2nd period - Stopped by Brian Elliott without a rebound.
14:02 of 2nd period - Tuomo Ruutu wins face-off versus Vincent Lecavalier in Penguins zone.
14:09 of 2nd period - Snap shot by Fredrik Sjostrom.
14:09 of 2nd period - Stopped by Jaroslav Halak without a rebound.
14:10 of 2nd period - Ryan Kesler wins face-off versus Vincent Lecavalier in Blue Jackets zone.
14:10 of 2nd period - Minor Penalty to Zigmund Palffy for Roughing.
14:11 of 2nd period - Vincent Lecavalier wins face-off versus Ryan Kesler in Penguins zone.
14:22 of 2nd period - Pavol Demitra is hit by Ryan Kesler and loses puck.
15:06 of 2nd period - Snap shot by Pavol Demitra.
15:06 of 2nd period - Stopped by Brian Elliott without a rebound.
15:07 of 2nd period - Ruslan Fedotenko wins face-off versus Andrew Ebbett in Penguins zone.
15:16 of 2nd period - Snap shot by Ales Kotalik.
15:16 of 2nd period - Deflect By Kristian Huselius.
15:16 of 2nd period - Stopped by Brian Elliott with a rebound.
15:18 of 2nd period - Wrist shot by Kristian Huselius.
15:18 of 2nd period - Shot Misses the Net.
15:20 of 2nd period - Wrist shot by Ales Kotalik.
15:20 of 2nd period - Shot Misses the Net.
15:22 of 2nd period - Snap shot by Kristian Huselius.
15:22 of 2nd period - Goal by Kristian Huselius - Blue Jackets : 2 - Penguins : 2.
15:23 of 2nd period - Andrew Ebbett wins face-off versus Ryan Kesler in neutral zone.
15:36 of 2nd period - Wrist shot by Kristian Huselius.
15:36 of 2nd period - Stopped by Brian Elliott without a rebound.
15:36 of 2nd period - Minor Penalty to Jay McKee for Tripping.
15:37 of 2nd period - Ryan Kesler wins face-off versus Vincent Lecavalier in Blue Jackets zone.
16:04 of 2nd period - Vincent Lecavalier is hit by Oleg Kvasha and loses puck.
16:11 of 2nd period - Wrist shot by Oleg Kvasha.
16:11 of 2nd period - Shot Blocked by Richard Jackman.
16:13 of 2nd period - Slapshot by Tom Preissing.
16:13 of 2nd period - Shot Blocked by Richard Jackman.
17:36 of 2nd period - Penalty to Jay McKee is over, Jay McKee is back on ice.
17:36 of 2nd period - Icing by Zigmund Palffy.
17:37 of 2nd period - Ryan Kesler wins face-off versus Andrew Ebbett in Penguins zone.
17:53 of 2nd period - Wrist shot by Sergei Brylin.
17:53 of 2nd period - Stopped by Brian Elliott without a rebound.
17:54 of 2nd period - Jason Ward wins face-off versus Tuomo Ruutu in Penguins zone.
17:57 of 2nd period - Slapshot by Jason Ward.
17:57 of 2nd period - Shot Blocked by Tuomo Ruutu.
17:59 of 2nd period - Wrist shot by Richard Jackman.
17:59 of 2nd period - Stopped by Brian Elliott without a rebound.
18:00 of 2nd period - Tuomo Ruutu wins face-off versus Vincent Lecavalier in Penguins zone.
18:00 of 2nd period - Tuomo Ruutu is hit by David Booth.
18:03 of 2nd period - Minor Penalty to Richard Jackman for Interference.
18:04 of 2nd period - Ryan Kesler wins face-off versus Vincent Lecavalier in Blue Jackets zone.
18:19 of 2nd period - Snap shot by Zigmund Palffy.
18:19 of 2nd period - Shot Misses the Net.
18:52 of 2nd period - Jay McKee is hit by Jussi Jokinen and loses puck.
19:07 of 2nd period - Derek Morris is hit by Taylor Pyatt and loses puck.
19:56 of 2nd period - Darren Reid is hit by Kristian Huselius and loses puck.
3rd period
0:01 of 3rd period - Ryan Kesler wins face-off versus Vincent Lecavalier in neutral zone.
0:03 of 3rd period - Penalty to Richard Jackman is over, Richard Jackman is back on ice.
0:08 of 3rd period - Slapshot by Steve Staios.
0:08 of 3rd period - Stopped by Jaroslav Halak without a rebound.
0:09 of 3rd period - Ryan Kesler wins face-off versus Vincent Lecavalier in Blue Jackets zone.
0:10 of 3rd period - Snap shot by Taylor Pyatt.
0:10 of 3rd period - Shot Blocked by Vincent Lecavalier.
0:18 of 3rd period - Andy Sutton is hit by Jay McKee and loses puck.
0:27 of 3rd period - Snap shot by David Booth.
0:27 of 3rd period - Shot Blocked by Andy Sutton.
0:29 of 3rd period - Snap shot by Richard Jackman.
0:29 of 3rd period - Stopped by Brian Elliott without a rebound.
0:30 of 3rd period - Oleg Kvasha wins face-off versus Ales Kotalik in Penguins zone.
0:55 of 3rd period - David Booth is hit by Ryan Kesler and loses puck.
1:08 of 3rd period - Jay McKee is hit by Taylor Pyatt.
1:51 of 3rd period - Icing by Jay Harrison.
1:52 of 3rd period - Oleg Kvasha wins face-off versus Greg Campbell in Blue Jackets zone.
2:17 of 3rd period - Wrist shot by Greg Campbell.
2:17 of 3rd period - Stopped by Brian Elliott with a rebound.
2:21 of 3rd period - Backhand shot by Greg Campbell.
2:21 of 3rd period - Stopped by Brian Elliott without a rebound.
2:22 of 3rd period - Vincent Lecavalier wins face-off versus Tuomo Ruutu in Penguins zone.
2:32 of 3rd period - Wrist shot by Tuomo Ruutu.
2:32 of 3rd period - Stopped by Jaroslav Halak without a rebound.
2:33 of 3rd period - Pavol Demitra wins face-off versus Ryan Kesler in Blue Jackets zone.
2:42 of 3rd period - Slapshot by Zigmund Palffy.
2:42 of 3rd period - Stopped by Jaroslav Halak without a rebound.
2:43 of 3rd period - Vincent Lecavalier wins face-off versus Ryan Kesler in Blue Jackets zone.
2:51 of 3rd period - Minor Penalty to Zigmund Palffy for Hooking.
2:52 of 3rd period - Ryan Kesler wins face-off versus Vincent Lecavalier in Penguins zone.
4:51 of 3rd period - Penalty to Zigmund Palffy is over, Zigmund Palffy is back on ice.
6:01 of 3rd period - Andy Sutton is hit by Sergei Brylin and loses puck.
6:14 of 3rd period - T.J. Hensick is hit by Steven Reinprecht and loses puck.
6:44 of 3rd period - Slapshot by Ted Purcell.
6:44 of 3rd period - Stopped by Jaroslav Halak with a rebound.
7:37 of 3rd period - Wrist shot by Darren Reid.
7:37 of 3rd period - Shot Misses the Net.
8:11 of 3rd period - Marc-Édouard Vlasic is hit by Justin Williams and loses puck.
8:30 of 3rd period - Wrist shot by Zigmund Palffy.
8:30 of 3rd period - Stopped by Jaroslav Halak without a rebound.
8:31 of 3rd period - David Booth wins face-off versus Darren Reid in Blue Jackets zone.
8:36 of 3rd period - Slapshot by Jay McKee.
8:36 of 3rd period - Shot Misses the Net.
8:38 of 3rd period - Wrist shot by Vincent Lecavalier.
8:38 of 3rd period - Stopped by Brian Elliott with a rebound.
8:40 of 3rd period - Slapshot by Jay McKee.
8:40 of 3rd period - Shot Blocked by Steve Staios.
8:42 of 3rd period - Slapshot by David Booth.
8:42 of 3rd period - Goal by David Booth - Blue Jackets : 3 - Penguins : 2.
8:43 of 3rd period - Vincent Lecavalier wins face-off versus Ryan Kesler in neutral zone.
8:52 of 3rd period - Slapshot by David Booth.
8:52 of 3rd period - Stopped by Brian Elliott with a rebound.
9:59 of 3rd period - Taylor Pyatt is hit by David Booth and loses puck.
10:06 of 3rd period - Snap shot by Andy Sutton.
10:06 of 3rd period - Shot Blocked by Jay McKee.
10:08 of 3rd period - Slapshot by Steve Staios.
10:08 of 3rd period - Shot Hit the Post.
10:28 of 3rd period - Slapshot by T.J. Hensick.
10:28 of 3rd period - Stopped by Jaroslav Halak with a rebound.
10:30 of 3rd period - Slapshot by Tom Preissing.
10:30 of 3rd period - Stopped by Jaroslav Halak with a rebound.
10:43 of 3rd period - Minor Penalty to Oleg Kvasha for Hooking.
10:44 of 3rd period - Ryan Kesler wins face-off versus Andrew Ebbett in Penguins zone.
11:06 of 3rd period - Icing by Derek Morris.
11:07 of 3rd period - Ruslan Fedotenko wins face-off versus Vincent Lecavalier in Blue Jackets zone.
11:20 of 3rd period - Nick Boynton is hit by Steve Staios.
11:32 of 3rd period - Andrew Ebbett is hit by Zigmund Palffy and loses puck.
11:37 of 3rd period - Wrist shot by Zigmund Palffy.
11:37 of 3rd period - Shot Misses the Net.
11:39 of 3rd period - Wrist shot by Zigmund Palffy.
11:39 of 3rd period - Deflect By Ryan Kesler.
11:39 of 3rd period - Stopped by Jaroslav Halak with a rebound.
11:55 of 3rd period - Dan Hamhuis is hit by David Booth and loses puck.
12:34 of 3rd period - David Booth is hit by Dan Hamhuis and loses puck.
12:43 of 3rd period - Penalty to Oleg Kvasha is over, Oleg Kvasha is back on ice.
13:01 of 3rd period - Snap shot by Ted Purcell.
13:01 of 3rd period - Stopped by Jaroslav Halak with a rebound.
13:03 of 3rd period - Wrist shot by Tuomo Ruutu.
13:03 of 3rd period - Stopped by Jaroslav Halak with a rebound.
13:13 of 3rd period - Snap shot by Chris Kelly.
13:13 of 3rd period - Stopped by Brian Elliott with a rebound.
13:37 of 3rd period - Chris Kelly is hit by Tuomo Ruutu and loses puck.
14:20 of 3rd period - Wrist shot by Pavol Demitra.
14:20 of 3rd period - Stopped by Brian Elliott without a rebound.
14:21 of 3rd period - Vincent Lecavalier wins face-off versus T.J. Hensick in Penguins zone.
14:30 of 3rd period - Snap shot by David Booth.
14:30 of 3rd period - Stopped by Brian Elliott without a rebound.
14:31 of 3rd period - Vincent Lecavalier wins face-off versus Ryan Kesler in Penguins zone.
14:36 of 3rd period - Wrist shot by Vincent Lecavalier.
14:36 of 3rd period - Shot Misses the Net.
14:42 of 3rd period - Wrist shot by Vincent Lecavalier.
14:42 of 3rd period - Shot Blocked by Taylor Pyatt.
15:17 of 3rd period - Wrist shot by Vincent Lecavalier.
15:17 of 3rd period - Shot Blocked by Andy Sutton.
15:29 of 3rd period - Ted Purcell is hit by David Booth and loses puck.
15:36 of 3rd period - Wrist shot by Ted Purcell.
15:36 of 3rd period - Shot Misses the Net.
15:38 of 3rd period - Slapshot by Tom Preissing.
15:38 of 3rd period - Shot Blocked by Jay McKee.
15:40 of 3rd period - Slapshot by Ted Purcell.
15:40 of 3rd period - Shot Blocked by Jay McKee.
15:45 of 3rd period - Minor Penalty to Ted Purcell for Tripping.
15:45 of 3rd period - Minor Penalty to Vincent Lecavalier for Roughing.
15:46 of 3rd period - Ryan Kesler wins face-off versus Andrew Ebbett in Blue Jackets zone.
15:49 of 3rd period - Slapshot by Ryan Kesler.
15:49 of 3rd period - Goal by Ryan Kesler - Blue Jackets : 3 - Penguins : 3.
15:50 of 3rd period - Ryan Kesler wins face-off versus Andrew Ebbett in neutral zone.
15:53 of 3rd period - Slapshot by Andy Sutton.
15:53 of 3rd period - Stopped by Jaroslav Halak without a rebound.
15:54 of 3rd period - Ryan Kesler wins face-off versus Andrew Ebbett in Blue Jackets zone.
16:07 of 3rd period - Wrist shot by Andrew Ebbett.
16:07 of 3rd period - Stopped by Brian Elliott with a rebound.
17:40 of 3rd period - Jay McKee is hit by Andy Sutton and loses puck.
17:45 of 3rd period - Penalty to Ted Purcell is over, Ted Purcell is back on ice.
17:45 of 3rd period - Penalty to Vincent Lecavalier is over, Vincent Lecavalier is back on ice.
18:19 of 3rd period - Snap shot by Andrew Ebbett.
18:19 of 3rd period - Stopped by Brian Elliott without a rebound.
18:20 of 3rd period - Chris Kelly wins face-off versus Oleg Kvasha in Penguins zone.
18:21 of 3rd period - Backhand shot by Justin Williams.
18:21 of 3rd period - Shot Blocked by Carlo Colaiacovo.
18:50 of 3rd period - Slapshot by Dan Hamhuis.
18:50 of 3rd period - Shot Misses the Net.
19:48 of 3rd period - Tom Preissing is hit by Kristian Huselius and loses puck.
Overtime #1
0:01 of 1st overtime period - Ryan Kesler wins face-off versus Vincent Lecavalier in neutral zone.
0:36 of 1st overtime period - Snap shot by Darren Reid.
0:36 of 1st overtime period - Stopped by Jaroslav Halak with a rebound.
1:10 of 1st overtime period - Steve Staios is hit by Pavol Demitra and loses puck.
1:29 of 1st overtime period - Vincent Lecavalier is hit by Oleg Kvasha and loses puck.
1:50 of 1st overtime period - Pavol Demitra is hit by Dan Hamhuis and loses puck.
2:43 of 1st overtime period - Chris Kelly is hit by Tom Preissing and loses puck.
3:04 of 1st overtime period - Jay Harrison is hit by Darren Reid and loses puck.
4:38 of 1st overtime period - David Booth is hit by Ryan Kesler and loses puck.
ShootOut
5:00 of 1st overtime period - Penalty Shot by Vincent Lecavalier for Blue Jackets.
5:00 of 1st overtime period - Wrist shot by Vincent Lecavalier.
5:00 of 1st overtime period - Stopped by Brian Elliott.
5:00 of 1st overtime period - Penalty Shot by Ryan Kesler for Penguins.
5:00 of 1st overtime period - Wrist shot by Ryan Kesler.
5:00 of 1st overtime period - Stopped by Jaroslav Halak.
5:00 of 1st overtime period - Penalty Shot by David Booth for Blue Jackets.
5:00 of 1st overtime period - Wrist shot by David Booth.
5:00 of 1st overtime period - Shot Misses the Net.
5:00 of 1st overtime period - Penalty Shot by Zigmund Palffy for Penguins.
5:00 of 1st overtime period - Wrist shot by Zigmund Palffy.
5:00 of 1st overtime period - Stopped by Jaroslav Halak.
5:00 of 1st overtime period - Penalty Shot by Pavol Demitra for Blue Jackets.
5:00 of 1st overtime period - Deke by Pavol Demitra.
5:00 of 1st overtime period - Stopped by Brian Elliott.
5:00 of 1st overtime period - Penalty Shot by Oleg Kvasha for Penguins.
5:00 of 1st overtime period - Deke by Oleg Kvasha.
5:00 of 1st overtime period - Stopped by Jaroslav Halak.
5:00 of 1st overtime period - Penalty Shot by Kristian Huselius for Blue Jackets.
5:00 of 1st overtime period - Wrist shot by Kristian Huselius.
5:00 of 1st overtime period - Stopped by Brian Elliott.
5:00 of 1st overtime period - Penalty Shot by Darren Reid for Penguins.
5:00 of 1st overtime period - Snap shot by Darren Reid.
5:00 of 1st overtime period - Goal by Darren Reid.
Output by the SimonT Hockey Simulator (STHS) for François Prévost -- Original Page W3C XHTML 1.0 Valid